 Dungeon Crawl Stone Soup version 0.20-a0-492-g6327889 (webtiles) character file.

4501 junb69 the Grappler (level 10, -10/91 HPs)
             Began as a Ghoul Monk on Jan 15, 2017.
             Was a Believer of Ashenzari.
             Mangled by a two-headed ogre
             ... wielding a cursed -1 giant club
              (13 damage)
             ... on level 10 of the Dungeon.
             The game lasted 00:20:04 (7529 turns).

junb69 the Grappler (Ghoul Monk)                    Turns: 7529, Time: 00:20:04

Health: -10/91     AC: 13    Str: 17    XL:     10   Next: 38%
Magic:  11/11      EV:  7    Int:  5    God:    Ashenzari [**....]
Gold:   482        SH:  0    Dex: 13    Spells: 9/9 levels left

rFire    + . .     SeeInvis .     - Unarmed
rCold    + . .     Gourm    .   h - +0 plate armour (curse)
rNeg     + + +     Faith    .   (no shield)
rPois    ∞         Spirit   .   (no helmet)
rElec    .         Reflect  .   (no cloak)
rCorr    +         Harm     .   (no gloves)
MR       .....                  (no boots)
Stlth    ..........             p - amulet of regeneration (curse)
Regen    0.3/turn               n - ring of protection from fire
                                f - ring of resist corrosion

@: rotting
A: rotting body, claws 1, carnivore 3, cold resistance 1, negative energy
resistance 3, slow regeneration 1, torment resistance, unbreathing
a: Curse Item, Scrying, Renounce Religion


You were on level 10 of the Dungeon.
You worshipped Ashenzari.
Ashenzari was pleased with you.
You were not hungry.

You visited 2 branches of the dungeon, and saw 11 of its levels.
You also visited: Sewer.

You collected 482 gold pieces.

Inventory:

Armour
 h - a cursed +0 plate armour (worn)
Jewellery
 f - a ring of resist corrosion (left claw)
 n - a ring of protection from fire (right claw)
 p - a cursed amulet of regeneration (around neck)
 w - an uncursed amulet of guardian spirit
 A - an uncursed ring of flight
Wands
 D - a wand of lightning (0/15)
 H - a wand of confusion (6/48)
Scrolls
 c - 4 scrolls of immolation
 d - 2 scrolls of recharging
 e - 7 scrolls of teleportation
 i - a scroll of enchant weapon
 j - 3 scrolls of fog
 l - 2 scrolls of magic mapping
 B - 5 scrolls of remove curse
Potions
 a - 7 potions of curing
 g - 2 potions of magic {unknown}
 k - 2 potions of agility
 m - a potion of heal wounds {unknown}
 q - a potion of mutation {unknown}
 s - a potion of cancellation {unknown}
 t - 2 potions of might {unknown}
 u - 3 potions of degeneration {unknown}
 v - 2 potions of haste {unknown}
 x - 2 potions of lignification {unknown}
 z - 2 potions of berserk rage {unknown}
 E - a potion of invisibility {unknown}
 F - a potion of brilliance {unknown}
Comestibles
 b - 2 meat rations
 r - a royal jelly
 C - a beef jerky
 G - a slice of pizza


   Skills:
 - Level 9.6 Fighting
 - Level 6.8 Armour
 - Level 4.1 Dodging
 - Level 2.1 Stealth
 * Level 10.0 Unarmed Combat
 * Level 2.7 Evocations


You had 9 spell levels left.
You didn't know any spells.

Dungeon Overview and Level Annotations

Branches:
Dungeon (10/15)            Temple (1/1) D:7
   Lair: D:8-11         Orc: D:9-12

Altars:
Ashenzari
Cheibriados
Dithmenos
Elyvilon
Gozag
Kikubaaqudgha
Nemelex Xobeh
Okawaru
Qazlal
Ru
Sif Muna
Uskayaw
Vehumet
Xom
Yredelemnul
Zin
The Shining One

Annotations:
D:3 Potsanchik's ghost, amateur TeBe


Innate Abilities, Weirdness & Mutations

Your body is rotting away.
You thrive on raw meat.
You are immune to poison.
You have sharp fingernails.
You are carnivorous and can eat meat at any time.
Your flesh is cold resistant. (rC+)
You are immune to negative energy. (rN+++)
You regenerate slowly when monsters are visible.
You are immune to unholy pain and torment.
You can survive without breathing.


Message History

Your plate armour prevents you from hitting the two-headed ogre.
The two-headed ogre is almost dead.
The two-headed ogre seems less confused.
The two-headed ogre hits you with a giant club!
The two-headed ogre hits you with a giant spiked club!
You scratch the two-headed ogre.
The two-headed ogre is almost dead.
You scratch the two-headed ogre but do no damage.
You claw the two-headed ogre.
The two-headed ogre is almost dead.
The two-headed ogre hits you with a giant club!!
* * * LOW HITPOINT WARNING * * *
The two-headed ogre hits you with a giant spiked club!
* * * LOW HITPOINT WARNING * * *
You barely miss the two-headed ogre.
The two-headed ogre is almost dead.
The two-headed ogre hits you with a giant club!
* * * LOW HITPOINT WARNING * * *
The two-headed ogre hits you with a giant spiked club!
You die...

###.
...############## *
#.*#..............#
* ,
...+..............#,
, *, *
##.#..............#
,
.....#..<.........+
,
..........#.######,
, ......#...#.# * ,
, ...##.#.@.#.# ,
,..,*#...#O#.# .
#####.#.# ** * , * ,
, ....., , , ** * ,
....# * ,,,, ...., ,
, ,+ * ,.#### * *,
** , .# , , ,


You could see a two-headed ogre.

Vanquished Creatures
  A two-headed ogre (D:9)
  Psyche (D:8)
  The ghost of Ezendos the Skirmisher, a novice BaFi of Ashenzari (D:5)
  A hippogriff (D:8)
  A hungry ghost (D:8)
  An ice beast (D:8)
  A phantom (D:4)
  A hornet zombie (D:8)
  A sky beast (D:9)
  2 ogres
  The ghost of Ezendos the Slasher, an amateur BaGl (D:4)
  A crocodile (D:8)
  A centaur (D:8)
  3 bullfrogs
  4 big kobolds (Sewer)
  A wyvern zombie (D:6)
  A gnoll sergeant (D:7)
  3 scorpions
  4 wights (D:9)
  2 howler monkeys
  3 crimson imps
  3 hounds
  3 orc priests
  6 jellies
  3 bullfrog skeletons
  A centaur skeleton (D:7)
  4 worker ants
  An orc wizard (D:6)
  2 killer bee zombies
  15 gnolls
  10 adders
  2 river rats (Sewer)
  A shadow imp (D:6)
  6 oozes
  3 adder skeletons
  5 worms
  7 leopard geckos
  22 orcs
  6 bats
  6 giant cockroaches
  4 hobgoblins
  3 iguanas
  7 jackals
  12 kobolds
  2 quokkas (D:4)
  5 ball pythons (Sewer)
  A ball python skeleton (D:4)
  2 frilled lizards
  2 gnoll zombies (D:2)
  6 goblins
  A leopard gecko skeleton (D:8)
  A quokka skeleton (D:7)
  A quokka zombie (D:8)
  12 rats
200 creatures vanquished.

Vanquished Creatures (others)
  A hobgoblin (D:3)
1 creature vanquished.

Grand Total: 201 creatures vanquished

Notes
Turn   | Place    | Note
-------+----------+-------------------------------------------
     0 | D:1      | junb69 the Ghoul Monk began the quest for the Orb.
     0 | D:1      | Reached XP level 1. HP: 19/19 MP: 0/0
   316 | D:1      | Reached XP level 2. HP: 26/26 MP: 1/1
   820 | D:2      | Found a shimmering altar of Xom.
   836 | D:2      | Reached XP level 3. HP: 33/33 MP: 2/2
   846 | D:2      | Reached skill level 4 in Unarmed Combat
   968 | D:2      | Found a basalt altar of Yredelemnul.
  1179 | D:2      | Found a radiant altar of Vehumet.
  1241 | D:2      | Reached XP level 4. HP: 27/41 MP: 3/3
  1632 | D:2      | Reached XP level 5. HP: 37/47 MP: 4/4
  1697 | D:2      | Found a stormy altar of Qazlal.
  1698 | D:2      | Found a hide-covered altar of Uskayaw.
  1698 | D:2      | Found a shadowy altar of Dithmenos.
  1699 | D:2      | Found a deep blue altar of Sif Muna.
  1843 | D:3      | Reached skill level 5 in Fighting
  1881 | D:3      | Reached skill level 5 in Unarmed Combat
  2113 | D:3      | Noticed Potsanchik's ghost (amateur TeBe)
  2266 | D:4      | Found a glowing drain.
  2311 | Sewer    | Entered a sewer
  2423 | Sewer    | Noticed a big kobold
  2423 | Sewer    | Noticed a big kobold
  2439 | Sewer    | Killed a big kobold
  2439 | Sewer    | Reached XP level 6. HP: 52/57 MP: 5/5
  2454 | Sewer    | Reached skill level 6 in Unarmed Combat
  2546 | Sewer    | Reached XP level 7. HP: 60/64 MP: 6/6
  3006 | D:4      | Noticed Ezendos's ghost (amateur BaGl)
  3040 | D:4      | Killed Ezendos's ghost
  3094 | D:4      | Identified the Compendium of the Fetching Frostbite
  3293 | D:4      | Reached skill level 7 in Unarmed Combat
  3448 | D:4      | Reached XP level 8. HP: 57/74 MP: 7/7
  3733 | D:5      | Entered Level 5 of the Dungeon
  4108 | D:5      | Found an ancient bone altar of Kikubaaqudgha.
  4120 | D:5      | Noticed Ezendos's ghost (novice BaFi)
  4182 | D:5      | Killed Ezendos's ghost
  4721 | D:6      | Reached skill level 8 in Unarmed Combat
  5054 | D:6      | Reached XP level 9. HP: 79/81 MP: 8/8
  5368 | D:7      | Reached skill level 9 in Unarmed Combat
  5466 | D:7      | Found a staircase to the Ecumenical Temple.
  5833 | D:7      | Reached skill level 5 in Armour
  5847 | Temple   | Entered the Ecumenical Temple
  5857 | Temple   | Became a worshipper of Ashenzari the Shackled
  5857 | Temple   | Reached * piety under Ashenzari
  5857 | Temple   | Reached ** piety under Ashenzari
  6418 | D:8      | Noticed Psyche
  6428 | D:8      | Killed Psyche
  6428 | D:8      | Reached XP level 10. HP: 87/91 MP: 9/9
  6712 | D:9      | Noticed a two-headed ogre
  6942 | D:9      | Reached skill level 1 in Evocations
  6944 | D:9      | Noticed a two-headed ogre
  7014 | D:9      | Found a white marble altar of Elyvilon.
  7177 | D:9      | Killed a two-headed ogre
  7281 | D:9      | Reached skill level 10 in Unarmed Combat
  7311 | D:10     | Entered Level 10 of the Dungeon
  7503 | D:10     | Noticed a two-headed ogre
  7529 | D:10     | HP: 3/91 [two-headed ogre/giant club (11)]
  7529 | D:10     | Mangled by a two-headed ogre

Vault maps used:
D:1:      sevenhm_arrival_forest_fort_large_2
D:2:      lemuel_coloured_pillars_altar, lemuel_zombie_altar_yredelemnul,
          chequers_temple_overflow_statue_of_worship, dk_xom_monty_hall
D:3:      minmay_wonky_spiral, first_bread
D:4:      gup_sewer_entry_glass
D:5:      kiku_gazebo_pond_becter, serial_park_tiny_pond,
          hangedman_decor_diamond_cutter
D:8:      item_on_display_b, uniq_psyche
D:9:      overflow_temple_1_default
D:10:     minmay_lair_entry_lava, nicolae_trove_entry_crystal
Temple:   cyrus_circular_temple
Sewer:    sewer_co_tree

Skill      XL: |  1  2  3  4  5  6  7  8  9 10 |
---------------+-------------------------------+-----
Fighting       | 4 5 6 7 9 |  9.6
Unarmed Combat | 4 5 6 7 8 9 10 | 10.0
Dodging        | 4 |  4.1
Armour         | 3 6 |  6.8
Evocations     | 2 |  2.7
Stealth        | |  2.1

Action                   |  1- 3 |  4- 6 |  7- 9 | 10-12 || total
-------------------------+-------+-------+-------+-------++-------
Melee: Unarmed           |   110 |   232 |   454 |   109 ||   905
       Punch             |       |       |     4 |     4 ||     8
Invok: Curse Item        |       |       |     1 |       ||     1
Evoke: Wand              |       |       |     4 |    17 ||    21
  Use: Scroll            |       |     5 |     8 |     2 ||    15
 Stab: Confused          |       |       |       |     2 ||     2
  Eat: Chunk             |     4 |     7 |    53 |    11 ||    75
Armor: Plate armour      |    94 |   177 |   239 |    58 ||   568
       Robe              |     1 |       |       |       ||     1
Dodge: Dodged            |    40 |    46 |    87 |    36 ||   209
